Map: [TLMC19] Sacred Isle

Players

ByuN - Winner!

  • Race: Terran Terran
  • Spawn Location: 7:00

DKZherO (herO)

  • Race: Protoss Protoss
  • League: Master
  • Spawn Location: 3:00

VOD

Have the link to the VOD?

Description

Time

  • Played on: Dec. 23, 2023, 11:55 a.m.
  • Length: 22:29
Show
View Real Time Build Order
Export as new Build Order

ByuN Terran - Winner!

Build Orders: Cyclone Opening 

Get SALT Encoding   

  12  0:00  SCV  
  13  0:12  SCV  
  14  0:17  Supply Depot  
  14  0:24  SCV  
  15  0:39  SCV, Barracks  
  16  0:45  Refinery  
  16  0:51  SCV  
  16  0:54  Refinery  
  17  1:03  SCV  
  18  1:15  SCV  
  19  1:26  Reaper  
  19  1:27  Orbital Command  
  20  1:42  Factory  
  20  1:53  SCV  
  21  1:54  Supply Depot  
  21  2:05  SCV  
  22  2:17  SCV  
  22  2:24  Command Center  
  22  2:27  Cyclone  
  22  2:29  SCV  
  25  2:37  Starport  
  25  2:41  SCV  
  26  2:45  Supply Depot  
  26  2:53  SCV  
  27  3:00  Factory Reactor  
  27  3:07  SCV  
  28  3:13  Medivac  
  28  3:19  Barracks Tech Lab, SCV  
  31  3:31  SCV  
  31  3:33  Command Center  
  32  3:37  Orbital Command  
  32  3:43  SCV  
  32  3:48  Marine x2  
  33  3:51  Siege Tank  
  33  3:53  Orbital Command  
  33  3:55  SCV  
  39  3:58  Starport Tech Lab  
  39  4:07  SCV, Marine x2  
  42  4:18  Banshee  
  42  4:19  SCV  
  42  4:20  SCV  
  42  4:22  Cloaking Field  
  47  4:30  Supply Depot, Siege Tank  
  50  4:32  SCV x2  
  50  4:36  Marine x2  
  50  4:44  SCV  
  50  4:45  SCV  
  52  4:47  Bunker  
  52  4:50  Orbital Command  
  52  4:53  Marine  
  52  4:54  Marine  
  54  5:01  Banshee  
  54  5:02  SCV x2  
  54  5:05  Supply Depot  
  59  5:09  Refinery  
  59  5:11  Siege Tank  
  59  5:13  Marine  
  59  5:14  SCV x2  
  64  5:15  Marine  
  66  5:26  SCV x2  
  67  5:30  SCV  
  67  5:32  Supply Depot  
  67  5:34  Marine, Barracks  
  67  5:35  Marine  
  70  5:38  SCV x2  
  70  5:42  SCV  
  73  5:49  Siege Tank  
  73  5:50  SCV  
  73  5:51  SCV  
  73  5:56  SCV  
  76  5:59  Marine x2  
  76  6:02  SCV  
  79  6:05  Supply Depot, Barracks  
  79  6:10  Supply Depot, SCV x2, Starport Reactor  
  81  6:19  Engineering Bay x2  
  81  6:20  SCV  
  81  6:22  SCV  
  81  6:23  Marine x2  
  85  6:35  SCV x3, Factory Reactor  
  85  6:37  Barracks  
  85  6:38  Refinery, Barracks  
  85  6:39  Stimpack  
  90  6:40  Marauder  
  87  6:47  SCV x2  
  87  6:49  Refinery  
  87  6:50  Supply Depot  
  89  6:54  SCV  
  89  6:56  Missile Turret  
  89  6:57  Marine  
  89  6:58  Marine  
  89  6:59  SCV x2  
  94  7:03  Missile Turret  
  94  7:04  Medivac x2  
  94  7:06  Terran Infantry Weapons Level 1, Terran Infantry Armor Level 1  
  94  7:08  SCV  
  99  7:11  SCV x2  
  99  7:13  Supply Depot  
  99  7:14  Marauder  
  99  7:15  Marauder  
  105  7:17  Combat Shield  
  105  7:20  Marine x2  
  105  7:21  SCV  
  108  7:24  Supply Depot  
  108  7:25  Barracks Tech Lab, Barracks Reactor  
  108  7:27  SCV x2  
  110  7:34  SCV  
  111  7:37  Supply Depot  
  111  7:39  SCV x2, Marauder x2, Medivac x2  
  121  7:53  Marauder, Armory  
  121  7:55  Ghost Academy  
  123  7:58  SCV  
  123  7:59  SCV x2, Marine x2  
  123  8:00  Marauder x2  
  132  8:10  Marine  
  132  8:11  Marine, Command Center  
  134  8:14  Marauder  
  134  8:16  Viking x2  
  134  8:17  Marine  
  141  8:25  Supply Depot x2  
  141  8:26  Supply Depot  
  141  8:27  SCV x3, Marine x3  
  141  8:30  Widow Mine  
  141  8:32  Widow Mine  
  151  8:36  Missile Turret  
  151  8:41  Missile Turret  
  151  8:46  Ghost x2  
  151  8:47  Ghost  
  157  8:52  Viking x2  
  157  8:55  Missile Turret, Terran Ship Weapons Level 1  
  161  8:56  Missile Turret  
  161  9:05  Marine x4  
  161  9:06  Terran Infantry Weapons Level 2  
  161  9:08  Supply Depot  
  165  9:14  Marine  
  165  9:15  Marine  
  165  9:16  Marine  
  167  9:18  Missile Turret  
  167  9:23  Unknown, Terran Infantry Armor Level 2  
  167  9:33  Marauder x2  
  167  9:34  Marauder, Barracks  
  167  9:35  Marine x4  
  167  9:37  SCV x3, Barracks  
  180  9:38  Starport  
  180  9:39  Barracks  
  180  9:53  Planetary Fortress  
  180  9:54  Marauder x2  
  180  9:58  Marine x2, Marauder  
  180  9:59  Marine x2  
  188  10:00  Viking  
  188  10:03  Viking  
  192  10:15  Sensor Tower  
  192  10:16  Missile Turret, Marauder x2  
  196  10:21  Ghost  
  196  10:24  Barracks Tech Lab, Barracks Reactor  
  196  10:27  Barracks Tech Lab  
  195  10:38  Marauder  
  197  10:43  Marauder  
  197  10:45  Missile Turret  
  197  10:46  Missile Turret  
  197  10:49  Command Center  
  199  10:51  Terran Ship Weapons Level 2, Command Center  
  199  10:52  Command Center  
  199  10:56  Sensor Tower  
  199  11:02  Factory Reactor  
  199  11:06  Command Center  
  199  11:11  Command Center  
  199  11:15  Command Center  
  199  11:19  Command Center  
  199  11:37  Concussive Shells  
  199  11:42  Command Center x2  
  199  11:43  Command Center  
  199  11:45  Missile Turret  
  199  11:47  Missile Turret  
  199  11:53  Viking  
  199  11:54  Viking x2  
  197  11:55  Viking  
  199  12:07  Terran Infantry Armor Level 3, Terran Infantry Weapons Level 3  
  198  12:13  Missile Turret  
  196  12:28  Medivac  
  196  12:29  Medivac  
  194  12:31  Sensor Tower  
  194  12:35  Missile Turret  
  192  12:42  Command Center  
  192  12:50  Missile Turret  
  188  13:00  Ghost x2  
  188  13:02  Orbital Command  
  188  13:03  Fusion Core  
  188  13:04  Orbital Command  
  186  13:15  Orbital Command  
  186  13:16  Marauder  
  186  13:17  Marauder x2  
  192  13:28  SCV x3  
  192  13:29  Liberator, Marauder  
  195  13:36  SCV x2  
  195  13:38  Ghost  
  199  13:46  Missile Turret  
  199  13:47  Terran Ship Weapons Level 3  
  199  13:49  Planetary Fortress  
  199  13:53  Sensor Tower  
  199  13:59  Orbital Command  
  199  14:00  Orbital Command  
  187  14:12  Liberator x4  
  199  14:19  Sensor Tower  
  199  14:20  Sensor Tower  
  199  14:24  Missile Turret  
  199  14:35  Armory  
  199  14:44  Hi-Sec Auto Tracking, Neosteel Armor  
  199  14:47  Refinery  
  199  14:58  Advanced Ballistics  
  199  15:01  Refinery  
  199  15:09  Sensor Tower  
  199  15:17  Command Center  
  199  15:18  Command Center  
  199  15:20  Command Center  
  199  15:26  Liberator x2  
  199  15:27  Liberator  
  198  15:41  Terran Vehicle And Ship Armor Level 1  
  188  15:50  Ghost  
  188  15:53  Marine x2, Marauder x2  
  185  16:05  Liberator  
  185  16:09  Marauder x2  
  185  16:10  Caduceus Reactor  
  192  16:14  Orbital Command, Missile Turret, Marauder  
  192  16:15  Liberator x2  
  200  16:23  Missile Turret  
  200  16:30  Orbital Command  
  200  16:31  Orbital Command  
  200  16:34  Missile Turret  
  200  16:38  Missile Turret  
  200  16:39  Planetary Fortress  
  200  16:43  Ghost  
  200  17:04  Missile Turret  
  200  17:06  Command Center  
  192  17:35  Ghost x2  
  192  17:36  Marauder  
  192  17:37  Marauder x2  
  197  17:39  Marine x3  
  191  17:48  Marine x2  
  191  17:49  Marine  
  188  17:52  Medivac  
  188  17:56  Marine  
  188  17:57  Orbital Command, Marine x2  
  188  17:58  Marauder x3  
  185  17:59  Viking  
  185  18:03  Ghost  
  185  18:04  Marauder  
  185  18:05  Viking x2  
  195  18:06  Marine  
  196  18:12  Terran Vehicle And Ship Armor Level 2  
  196  18:18  Ghost  
  198  18:22  Viking  
  196  18:29  Viking  
  196  18:31  Ghost  
  196  18:32  Marine  
  196  18:33  Marine x6  
  196  18:34  Marine  
  192  18:35  Viking  
  192  18:40  Liberator  
  194  18:44  Missile Turret  
  194  18:48  Orbital Command  
  200  19:05  Missile Turret  
  200  19:10  Missile Turret  
  200  19:11  Missile Turret x2  
  200  19:12  Missile Turret x2, Sensor Tower  
  200  19:14  Missile Turret  
  200  19:15  Missile Turret  
  197  19:24  Viking x3  
  197  19:27  Starport  
  197  19:28  Starport  
  199  19:32  Missile Turret  
  199  19:34  Missile Turret  
  199  19:35  Refinery  
  196  19:39  Missile Turret  
  189  19:53  Ghost x2  
  189  19:54  Marine  
  189  19:56  Marine  
  171  20:00  Ghost x2  
  171  20:02  Viking x2  
  171  20:04  Viking x2  
  177  20:12  Marine x2  
  178  20:16  Marauder  
  176  20:22  Marauder  
  176  20:23  Marauder  
  165  20:30  Marauder x2  
  165  20:31  Marine x2  
  166  20:38  Marine  
  166  20:39  Marine x4  
  162  20:44  Marauder  
  162  20:45  Marauder  
  162  20:48  Viking x2  
  162  20:49  Viking  
  164  20:51  Marauder x2  
  162  20:58  Marine x4  
  162  21:00  Marauder  
  162  21:03  Marine x2  
  161  21:09  Marauder  
  159  21:13  Marine x2  
  159  21:25  Marine x5  
  159  21:31  Medivac x2  
  162  21:39  Marauder x2  
  165  21:40  Marine x3, Marauder  
  165  21:44  Marine x2  
  152  21:58  Marauder  
  152  21:59  Marauder  
  152  22:01  Marauder  
  156  22:03  Starport Reactor  
  156  22:06  Marine x2  
Show
View Real Time Build Order
Export as new Build Order

DKZherO Protoss 

Build Orders: 1 Gate Expand, Blink Stalkers, Carriers, Colossus Rush 

Get SALT Encoding   

  12  0:00  Probe  
  13  0:12  Probe  
  14  0:17  Pylon  
  14  0:24  Probe (Chrono Boost)  
  16  0:36  Gateway, Probe (Chrono Boost)  
  16  0:43  Probe (Chrono Boost)  
  16  0:46  Assimilator  
  17  0:50  Probe  
  18  1:03  Probe  
  19  1:15  Probe  
  20  1:23  Cybernetics Core  
  20  1:31  Nexus  
  20  1:38  Pylon  
  20  1:41  Probe  
  20  1:46  Assimilator  
  21  1:53  Probe  
  22  1:58  Adept (Chrono Boost)  
  22  2:02  Warp Gate  
  22  2:05  Probe  
  25  2:17  Probe  
  25  2:21  Stalker  
  28  2:30  Probe  
  28  2:35  Twilight Council  
  28  2:42  Probe  
  29  2:44  Probe  
  30  2:51  Stalker (Chrono Boost)  
  30  2:55  Probe  
  30  2:56  Probe  
  33  3:08  Gateway  
  33  3:10  Blink (Chrono Boost)  
  33  3:16  Stalker (Chrono Boost)  
  35  3:21  Probe  
  35  3:24  Probe  
  37  3:33  Probe  
  38  3:36  Probe  
  38  3:38  Robotics Facility  
  39  3:46  Probe, Pylon  
  39  3:48  Probe  
  41  3:51  Stalker  
  43  3:59  Probe  
  43  4:00  Probe  
  43  4:02  Pylon  
  45  4:05  Stalker  
  47  4:11  Probe  
  47  4:12  Probe  
  47  4:18  Stalker  
  47  4:22  Pylon  
  47  4:23  Probe  
  50  4:24  Probe  
  50  4:29  Observer  
  50  4:30  Assimilator x2  
  53  4:38  Probe (Chrono Boost)  
  53  4:41  Probe (Chrono Boost)  
  54  4:50  Probe (Chrono Boost)  
  54  4:51  Observer  
  57  4:53  Stalker  
  57  4:54  Probe (Chrono Boost)  
  57  4:55  Probe (Chrono Boost)  
  60  5:02  Probe  
  60  5:03  Robotics Bay  
  60  5:05  Probe  
  62  5:12  Nexus  
  62  5:14  Pylon  
  62  5:23  Probe x2  
  62  5:25  Pylon  
  64  5:38  Probe x2  
  64  5:40  Stalker x2  
  69  5:47  Colossus (Chrono Boost)  
  69  5:48  Charge  
  69  5:53  Forge  
  69  5:55  Forge  
  75  5:59  Gravitic Boosters  
  75  6:00  Probe  
  76  6:06  Pylon  
  76  6:09  Probe  
  77  6:12  Probe  
  78  6:19  Pylon  
  78  6:21  Shield Battery  
  78  6:23  Sentry x2  
  78  6:25  Probe x2 (Chrono Boost)  
  84  6:26  Protoss Ground Weapons Level 1 (Chrono Boost), Probe (Chrono Boost), Protoss Ground Armor Level 1 (Chrono Boost)  
  85  6:35  Probe x3 (Chrono Boost)  
  85  6:36  Phoenix  
  85  6:39  Probe (Chrono Boost)  
  88  6:40  Probe x2 (Chrono Boost)  
  88  6:44  Colossus (Chrono Boost)  
  95  6:51  Probe x2  
  95  6:52  Probe  
  98  7:01  Gateway  
  98  7:02  Gateway  
  98  7:03  Sentry  
  98  7:04  Probe  
  101  7:10  Nexus  
  101  7:12  Pylon  
  101  7:16  Probe  
  101  7:20  Probe x2  
  104  7:29  Colossus (Chrono Boost)  
  104  7:30  Photon Cannon  
  104  7:32  Photon Cannon  
  104  7:36  Photon Cannon  
  110  7:39  Probe x3  
  110  7:41  Photon Cannon  
  110  7:43  Shield Battery  
  110  7:44  Pylon  
  113  7:50  Extended Thermal Lance (Chrono Boost)  
  113  7:52  Zealot x2  
  113  7:54  Pylon  
  117  8:02  Stalker x2  
  117  8:04  Probe x3  
  124  8:11  Gateway x2  
  124  8:13  Protoss Ground Weapons Level 2 (Chrono Boost)  
  124  8:16  Probe  
  125  8:24  Pylon  
  125  8:25  Probe x2  
  125  8:26  Protoss Ground Armor Level 2 (Chrono Boost)  
  125  8:27  Probe  
  128  8:32  Disruptor (Chrono Boost), Pylon  
  132  8:36  Assimilator x2  
  132  8:38  Photon Cannon  
  132  8:39  Probe x3  
  132  8:40  Probe  
  136  8:46  Phoenix  
  136  8:49  Stargate  
  136  8:56  Robotics Facility  
  136  9:00  Nexus  
  136  9:02  Pylon  
  136  9:04  Observer (Chrono Boost)  
  136  9:08  Zealot x4  
  136  9:09  Warp Prism, Zealot x2  
  151  9:26  Gravitic Drive (Chrono Boost)  
  151  9:30  Pylon  
  152  9:31  Pylon, Probe, Photon Cannon  
  152  9:33  Photon Cannon  
  152  9:35  Oracle, Shield Battery  
  152  9:36  Zealot  
  152  9:37  Zealot  
  159  9:46  Disruptor x2  
  159  9:52  Pylon  
  167  9:54  Zealot x4  
  167  9:58  Pylon  
  167  9:59  Gateway  
  175  10:04  Probe x4  
  175  10:05  Pylon  
  175  10:06  Photon Cannon  
  179  10:14  Gateway, Pylon  
  177  10:22  Zealot x4, Gateway  
  183  10:45  Fleet Beacon  
  183  10:47  Stargate  
  183  10:49  Stargate  
  180  10:50  Cybernetics Core  
  180  10:55  Protoss Ground Armor Level 3 (Chrono Boost), Protoss Ground Weapons Level 3 (Chrono Boost)  
  180  11:00  Zealot x4  
  180  11:01  Zealot x3  
  194  11:08  Protoss Air Weapons Level 1  
  194  11:33  Robotics Facility  
  194  11:36  Photon Cannon  
  194  11:37  Photon Cannon  
  197  11:40  Photon Cannon  
  197  11:44  Templar Archives  
  197  11:46  Dark Shrine  
  188  12:02  Protoss Air Armor Level 1  
  182  12:09  Zealot x9  
  200  12:18  Disruptor  
  192  12:35  Photon Cannon x2  
  184  12:37  Photon Cannon  
  184  12:40  Pylon  
  184  12:41  Disruptor, Shield Battery  
  184  12:43  Pylon  
  184  12:46  Zealot x9, Photon Cannon  
  184  12:48  Photon Cannon  
  182  13:07  Disruptor  
  182  13:11  Zealot x9  
  198  13:17  Gateway  
  198  13:18  Psionic Storm  
  198  13:19  Gateway  
  198  13:20  Gateway x2  
  198  13:21  Protoss Shields Level 1  
  198  13:25  Shadow Stride (Chrono Boost)  
  198  13:32  Nexus  
  182  13:36  High Templar x2  
  182  13:37  High Templar x2  
  182  13:39  Observer  
  182  13:40  High Templar x2  
  192  13:55  Nexus  
  180  14:19  Dark Templar x10  
  180  14:22  Pylon  
  198  14:41  Photon Cannon  
  198  14:43  Photon Cannon  
  198  14:45  Assimilator, Photon Cannon  
  198  14:46  Photon Cannon  
  198  14:47  High Templar  
  198  14:48  Photon Cannon  
  198  14:49  Photon Cannon  
  198  14:51  Photon Cannon  
  200  14:53  Shield Battery  
  200  14:55  Observer, Pylon  
  200  14:57  Zealot  
  200  15:00  Shield Battery  
  200  15:02  Photon Cannon  
  183  15:32  Stalker x3, Zealot x5  
  123  16:02  Zealot x9  
  123  16:03  Zealot x3  
  133  16:06  Colossus (Chrono Boost)  
  133  16:07  Colossus (Chrono Boost)  
  133  16:08  Colossus (Chrono Boost)  
  143  16:18  Unknown  
  143  16:21  Protoss Shields Level 2, Carrier x3 (Chrono Boost)  
  161  16:30  Zealot x11  
  183  16:39  Probe x3  
  187  16:40  Probe x3  
  183  16:51  Zealot x8, Probe  
  200  16:56  Protoss Air Weapons Level 2 (Chrono Boost)  
  196  17:02  Observer  
  196  17:04  Assimilator  
  196  17:08  Photon Cannon  
  196  17:11  Pylon  
  196  17:13  Protoss Air Armor Level 2 (Chrono Boost)  
  196  17:15  Carrier (Chrono Boost)  
  200  17:23  Carrier x2 (Chrono Boost)  
  196  17:32  Zealot x4  
  196  17:33  Zealot  
  190  17:43  Stalker x6  
  170  18:02  Zealot x5  
  170  18:10  Carrier (Chrono Boost)  
  176  18:14  Carrier (Chrono Boost)  
  176  18:15  Stalker x4, Zealot x2  
  195  18:21  Nexus, Observer  
  195  18:23  Stalker x2  
  181  18:34  Disruptor (Chrono Boost)  
  181  18:38  Disruptor (Chrono Boost)  
  189  18:45  Archon  
  189  18:51  Pylon  
  189  18:53  Zealot x4, Sentry  
  189  18:54  Assimilator  
  199  18:58  Assimilator  
  199  19:30  Assimilator, Nexus  
  198  19:35  High Templar  
  177  19:57  Disruptor (Chrono Boost)  
  145  20:04  Disruptor (Chrono Boost)  
  145  20:05  Zealot x2  
  145  20:06  Zealot x8, Tempest x2 (Chrono Boost)  
  156  20:08  Zealot  
  162  20:14  Disruptor (Chrono Boost)  
  156  20:27  Zealot x10  
  152  20:31  Tempest (Chrono Boost)  
  139  20:47  Stalker x3, Zealot x4  
  139  20:48  Zealot x4  
  109  21:11  Tempest x2 (Chrono Boost)  
  102  21:12  Zealot x9  
  123  21:20  Probe x5  
  123  21:21  Probe  
  128  21:26  Gateway  
  128  21:30  Gateway  
  128  21:32  Probe x4  
  125  21:33  Gateway, Probe  
  125  21:34  Stalker x4  
  125  21:35  Zealot  
  125  21:36  Gateway, Zealot x4  
  130  21:47  Probe x5  
  130  21:48  Probe  
  114  21:58  Zealot x3  
  114  21:59  Zealot x6, Probe  
Tags
 
Add a new tag
Caveats
  • Supply blocks, unpowered buildings, or Contaminate may cause inaccurate times.
  • Supply counts are checked every 10 seconds.